AoeStats
← giussepearteaga

Arena

507395485Analyzed
4v4 RM · 13d ago on Sep 18, 2026· 85m 20s· 8 players
Game mode
Random Map
Map size
Large (8 player)
Population
200
Speed
Normal
Resources
Standard
Victory
Conquest
Starting age
Dark Age
Ending age
Imperial Age
RankedLock teamsTeams togetherTeam positionsShared explorationLock speedFull tech treeHidden civsTurbo modeCheats
Victory
Defeat
🇨🇴 Armenians · Colombia
795
+13
🇨🇴 Romans · Colombia
727
+16
🇨🇴 Byzantines · Colombia
710
+17
🇨🇴 Malay · Colombia
692
+17
🇨🇦 Sicilians · Canada
757
-17
740
-16
🇨🇱 Jurchens · Chile
718
-15
🇨🇦 Ethiopians · Canada
697
-15
Shalashaska
0:29 Loom
10:58 Feudal Age
11:43 Double-Bit Axe
13:13 Horse Collar
19:35 Castle Age
18:26 Stone Mining
20:22 Husbandry
24:46 Heavy Plow
25:13 Bow Saw
27:04 Forging
29:22 Scale Barding Armor
29:54 Iron Casting
31:40 Wheelbarrow
30:51 Town Watch
35:17 Chain Barding Armor
35:28 Siege Engineers
36:59 Ballistics
36:33 Fletching
36:45 Padded Archer Armor
37:33 Bodkin Arrow
38:15 Hand Cart
43:11 Imperial Age
41:02 Leather Archer Armor
45:34 Chemistry
44:46 Masonry
45:17 Plate Barding Armor
44:43 Bracer
46:35 Blast Furnace
45:44 Gold Mining
46:30 Stone Shaft Mining
46:04 Town Patrol
53:29 Elite Iron Pagoda
57:30 Bloodlines
56:42 Light Cavalry
60:35 Heavy Rocket Cart
61:00 Elite Skirmisher
64:05 Thunderclap Bombs
66:02 Ring Archer Armor
65:33 Scale Mail Armor
70:37 Heavy Cavalry Archer
madagascart
6:07 Loom
12:06 Feudal Age
17:43 Castle Age
16:51 Double-Bit Axe
16:58 Horse Collar
17:47 Fletching
24:32 Padded Archer Armor
26:24 Crossbowman
27:36 Arson
35:14 Imperial Age
34:40 Scale Barding Armor
34:38 Scale Mail Armor
34:48 Forging
34:34 Bodkin Arrow
34:38 Town Watch
46:07 Royal Heirs
47:38 Elite Shotel Warrior
49:43 Chain Mail Armor
51:09 Plate Mail Armor
57:33 Ballistics
58:14 Chemistry
64:28 Thumb Ring
63:44 Arbalester
70:19 Leather Archer Armor
70:04 Bracer
72:33 Elite Skirmisher
aelenon
6:19 Loom
11:40 Feudal Age
12:50 Double-Bit Axe
16:23 Castle Age
15:48 Stone Mining
29:21 Horse Collar
29:54 Bow Saw
31:06 First Crusade
32:57 Heavy Plow
39:01 Imperial Age
39:12 Ballistics
40:05 Wheelbarrow
42:25 Onager
43:31 Hand Cart
45:24 Light Cavalry
46:15 Bloodlines
46:06 Husbandry
56:28 Caravan
セバスティアン
10:28 Feudal Age
13:18 Loom
16:15 Castle Age
15:39 Double-Bit Axe
16:19 Bloodlines
17:18 Bow Saw
18:29 Fervor
19:56 Husbandry
20:06 Bloodlines
25:21 Scale Barding Armor
25:26 Forging
30:06 Imperial Age
28:42 Stone Mining
31:07 Chain Barding Armor
31:22 Iron Casting
31:20 Scale Mail Armor
31:59 Wheelbarrow
31:21 Gold Mining
31:11 Elite Leitis
33:56 Chemistry
34:01 Tower Shields
34:28 Hand Cart
35:40 Chain Barding Armor
35:55 Iron Casting
36:41 Iron Casting
35:31 Pikeman
35:36 Light Cavalry
36:57 Plate Barding Armor
38:51 Squires
39:21 Halberdier
43:11 Chain Mail Armor
42:31 Capped Ram
45:51 Winged Hussar
52:56 Town Watch
56:11 Conscription
55:49 Fletching
56:04 Onager
57:24 Murder Holes
61:23 Bodkin Arrow
63:52 Bracer
66:18 Masonry
72:27 Hill Forts
74:16 Two-Man Saw
81:42 Architecture
giussepearteaga
11:28 Feudal Age
17:52 Double-Bit Axe
17:51 Horse Collar
23:15 Castle Age
28:41 Forging
29:30 Padded Archer Armor
29:24 Fletching
29:22 Elite Skirmisher
32:41 Bow Saw
33:09 Heavy Plow
38:05 Bodkin Arrow
38:26 Leather Archer Armor
38:47 Iron Casting
38:09 Man-at-Arms
41:50 Pikeman
41:52 Long Swordsman
42:39 Squires
Jusep Pedrerol
0:27 Loom
11:00 Feudal Age
12:50 Double-Bit Axe
14:46 Wheelbarrow
15:53 Gold Mining
15:27 Man-at-Arms
16:07 Horse Collar
17:54 Town Watch
18:30 Arson
18:58 Long Swordsman
20:46 Forging
22:10 Scale Mail Armor
23:02 Stone Mining
25:58 Fletching
25:46 Pikeman
28:39 Castle Age
29:50 Bow Saw
29:42 Heavy Plow
30:23 Gold Shaft Mining
30:29 Iron Casting
30:10 Chain Mail Armor
29:20 Two-Handed Swordsman
30:38 Gambesons
31:16 Squires
33:27 Hand Cart
34:30 Champion
34:35 Halberdier
37:44 Bodkin Arrow
43:02 Imperial Age
42:04 Town Patrol
42:27 Ballistics
42:22 Masonry
43:54 Fereters
44:09 Conscription
44:25 Hoardings
43:45 Capped Ram
45:32 Chemistry
58:03 Blast Furnace
57:41 Siege Ram
64:03 Plate Mail Armor
66:47 Murder Holes
67:13 Bombard Tower
67:40 Bracer
67:40 Padded Archer Armor
74:17 Elite Composite Bowman
75:35 Hoardings
74:21 Elite Composite Bowman
camilo.quija
2:08 Loom
9:27 Feudal Age
9:53 Double-Bit Axe
9:53 Horse Collar
18:45 Castle Age
18:37 Gold Mining
18:37 Stone Mining
19:42 Bow Saw
19:35 Heavy Plow
20:15 Gold Shaft Mining
26:18 Caravan
26:47 Forging
26:39 Scale Mail Armor
26:57 Scale Barding Armor
27:21 Ballistas
29:19 Ballistics
30:19 Masonry
30:18 Fletching
30:31 Padded Archer Armor
34:27 Imperial Age
32:57 Bodkin Arrow
33:08 Murder Holes
34:41 Heavy Scorpion
34:43 Capped Ram
35:12 Loom
36:15 Crop Rotation
38:26 Chemistry
37:57 Architecture
37:33 Siege Engineers
38:30 Chain Mail Armor
38:37 Chain Barding Armor
38:33 Leather Archer Armor
39:09 Conscription
38:52 Heavy Scorpion
40:32 Siege Ram
49:42 Elite Centurion
rincon9r7
10:52 Feudal Age
11:58 Double-Bit Axe
13:29 Wheelbarrow
20:20 Castle Age
28:40 Horse Collar
29:33 Pikeman
36:41 Imperial Age
38:09 Conscription
38:07 Logistica
38:21 Halberdier
38:48 Gambesons
39:04 Squires
40:51 Scale Barding Armor
40:57 Forging
40:48 Padded Archer Armor
40:38 Fletching
52:02 Leather Archer Armor
51:42 Bodkin Arrow
52:08 Chain Barding Armor
52:24 Iron Casting
51:26 Elite Skirmisher
62:06 Elite Cataphract
65:56 Plate Barding Armor
65:57 Ballistics
70:19 Chemistry
72:51 Ring Archer Armor
72:21 Bracer
Connection lost

Rejoining the realm…

Still unreachable

The connection could not be restored.

Session expired

The server has moved on; the page needs a fresh start.